 Dungeon Sprint DCSS version 0.23.0 (webtiles) character file.

Game seed: 15865919028822544291

76 Kairos the Shield-Bearer (level 4, -7/40 HPs)
             Began as a Formicid Fighter on Feb 12, 2019.
             Drowned by a water elemental (8 damage)
             ... in the Dungeon (Sprint III: "The Ten Rune Challenge").
             The game lasted 00:01:08 (273 turns).

Kairos the Shield-Bearer (Formicid Fighter)          Turns: 273, Time: 00:01:09

Health: -7/40      AC:  7    Str: 22    XL:     4   Next: 57%
Magic:  4/4        EV:  9    Int:  7    God:
Gold:   23         SH: 10    Dex: 10    Spells: 3/3 levels left

rFire    . . .     SeeInvis +   a - +0 quarterstaff
rCold    . . .     Gourm    .   c - +0 shield
rNeg     . . .     Faith    .   b - +0 scale mail
rPois    .         Spirit   .   (helmet unavailable)
rElec    .         Reflect  .   (no cloak)
rCorr    .         Harm     .   (no gloves)
MR       .....                  (no boots)
Stlth    ..........             (no amulet)
HPRegen  0.13/turn              (no ring)
MPRegen  0.09/turn              (no ring)

@: engulfed (cannot breathe)
A: permanent stasis, dig shafts and tunnels, four strong arms, antennae 3
a: Dig


You were in the Dungeon.
You were not hungry.

You visited 1 branch You collected 23 gold pieces.

Inventory:

Hand Weapons
 a - a +0 quarterstaff (weapon)
Armour
 b - a +0 scale mail (worn)
 c - a +0 shield (worn)
Scrolls
 k - a scroll of blinking
 m - a scroll of torment {unknown}
 n - 4 scrolls of identify
 o - 2 scrolls of remove curse
 q - a scroll of holy word {unknown}
Potions
 d - a potion of might
 e - 3 potions of curing
 g - 2 potions of heal wounds
 h - a potion of haste
 i - 2 potions of magic
 j - a potion of berserk rage
 l - 2 potions of mutation {unknown}
 p - 2 potions of flight {unknown}
Comestibles
 f - 3 rations


   Skills:
 + Level 5.6 Fighting
 + Level 4.0 Staves
 + Level 5.4 Armour
 + Level 1.1 Dodging
 + Level 6.1 Shields


You had 3 spell levels left.
You didn't know any spells.
Your spell library was empty.

Dungeon Overview and Level Annotations

Branches:
Dungeon (1/1)

Altars:


Innate Abilities, Weirdness & Mutations

You cannot be hasted, slowed, berserked, paralysed or teleported.
You can dig through walls and to a lower floor.
Your four strong arms can wield two-handed weapons with a shield.
You have a pair of large antennae on your head. (SInv)


Message History

Your lungs strain for air!
The water elemental hits you. You block the water elemental's attack.
You thump the water elemental!
The water elemental is severely damaged.
Your lungs strain for air!
The water elemental hits you!
* * * LOW HITPOINT WARNING * * *
You are too injured to fight recklessly!
You are too injured to fight recklessly!
You are too injured to fight recklessly!
You are too injured to fight recklessly!
Unknown command.
Your shield and scale mail prevent you from hitting the water elemental.
The water elemental is severely damaged.
* * * LOW HITPOINT WARNING * * *
Your lungs strain for air!
You block the water elemental's attack.
You hit the water elemental but do no damage.
The water elemental is severely damaged.
You die...

▓▓▓▓▓▓▓▓▓▓ ▓▓▓
<.#..'...♣♣♣♣ ♣.#
..#..#......♣ ♣.#
#'####....♣.♣ ♣.#{
.....#....≈♣♣ ♣.###+#+#
.....#...≈≈♣♣♣ ♣.#......
.....#..≈≈≈≈.♣♣♣.'.⌠....
####'#..≈≈≈≈≈≈♣.E#
...††#.≈≈≈≈≈≈...@#
.....#.≈≈≈≈≈.....#
.....#.≈≈≈.......#
'#####...........# {{ {
.................#
▓▓▓▓▓▓▓▓▓▓▓▓▓▓▓▓▓▓ { { {
{


You could see a water elemental.

Vanquished Creatures
  A scorpion (D)
  A human (D)
  An ooze (D)
  3 rats (D)
6 creatures vanquished.

Vanquished Creatures (others)
  A draconian scorcher (D)
  6 hellions (D)
  A yaktaur (D)
8 creatures vanquished.

Grand Total: 14 creatures vanquished

Notes
Turn   | Place    | Note
-------+----------+-------------------------------------------
     0 | D        | Kairos the Formicid Fighter began the quest for the Orb.
     0 | D        | Reached XP level 1. HP: 18/18 MP: 1/1
     9 | D        | Reached skill level 4 in Shields
     9 | D        | Reached XP level 2. HP: 24/25 MP: 2/2
    45 | D        | Noticed a scorpion
    72 | D        | Killed a scorpion
    72 | D        | Reached skill level 5 in Fighting
    72 | D        | Reached skill level 5 in Armour
    72 | D        | Reached skill level 5 in Shields
    72 | D        | Reached XP level 3. HP: 28/33 MP: 3/3
    72 | D        | Reached XP level 4. HP: 34/39 MP: 4/4
    74 | D        | Killed a hellion
    75 | D        | Killed a hellion
    81 | D        | Killed a yaktaur
   114 | D        | Reached skill level 1 in Dodging
   114 | D        | Reached skill level 6 in Shields
   118 | D        | Killed a hellion
   119 | D        | Killed a hellion
   125 | D        | Killed a hellion
   178 | D        | Killed a hellion
   215 | D        | Killed a white draconian scorcher
   264 | D        | Noticed a water elemental
   272 | D        | HP: 1/40 [drowned by a water elemental (8)]
   273 | D        | Drowned by a water elemental

Skill      XL: |  1  2  3  4 |
---------------+-------------+-----
Shields        | 4 5 6 |  6.1
Fighting       | 5 |  5.6
Staves         | 3 4 |  4.0
Armour         | 5 |  5.4
Dodging        | 1 |  1.1

Action                   |  1- 3 |  4- 6 || total
-------------------------+-------+-------++-------
Melee: Quarterstaff      |    22 |    23 ||    45
Armor: Scale mail        |    12 |     2 ||    14
Dodge: Dodged            |     3 |     6 ||     9
Block: Shield            |     9 |     7 ||    16
